Map: Kairos Junction LE

Players

Neeblet (Neeb) - Winner!

  • Race: Protoss Protoss
  • League: Grandmaster
  • Spawn Location: 5:00

Reynor

  • Race: Zerg Zerg
  • League: Grandmaster
  • Spawn Location: 11:00

Event: IEM Season 13 - Katowice Server Qualifiers Europe

VOD

Have the link to the VOD?

Description

Time

  • Played on: Jan. 8, 2019, 12:03 p.m.
  • Length: 7:33

All games in this series

Show
View Real Time Build Order
Export as new Build Order

Neeblet Protoss - Winner!

Build Orders: 1 Gate Expand, Oracle Opening, Phoenix Opening, Zealot Archon, Archon Drop 

Get SALT Encoding   

  12  0:00  Probe  
  13  0:13  Probe  
  14  0:16  Pylon  
  14  0:21  Probe  
  15  0:32  Probe  
  16  0:44  Gateway, Probe  
  17  0:51  Assimilator  
  17  0:56  Probe  
  18  1:08  Probe  
  19  1:20  Probe  
  20  1:26  Nexus  
  20  1:36  Cybernetics Core  
  20  1:38  Probe  
  21  1:44  Assimilator  
  21  1:50  Probe  
  21  1:53  Pylon  
  22  2:02  Probe  
  22  2:03  Adept  
  23  2:14  Probe  
  26  2:22  Adept  
  26  2:23  Stargate  
  26  2:26  Probe  
  29  2:38  Probe x2  
  29  2:40  Warp Gate  
  31  2:47  Adept  
  31  2:50  Probe  
  34  2:52  Probe  
  34  2:58  Oracle  
  34  3:02  Probe  
  34  3:04  Probe  
  36  3:11  Pylon  
  37  3:14  Probe  
  37  3:18  Shield Battery  
  37  3:19  Adept  
  40  3:21  Probe  
  40  3:27  Probe  
  42  3:28  Phoenix  
  42  3:33  Probe  
  43  3:39  Probe  
  46  3:42  Assimilator  
  46  3:44  Assimilator  
  46  3:45  Probe  
  46  3:51  Probe, Pylon  
  46  3:54  Probe  
  49  4:03  Probe  
  49  4:04  Robotics Facility  
  49  4:06  Probe  
  51  4:13  Twilight Council  
  51  4:15  Probe  
  52  4:18  Gateway, Probe  
  52  4:23  Pylon  
  53  4:27  Probe  
  53  4:30  Probe  
  55  4:34  Pylon  
  55  4:44  Gateway  
  55  4:45  Gateway  
  56  4:46  Stalker  
  56  4:51  Templar Archives  
  57  4:56  Charge, Warp Prism  
  59  5:00  Probe x2  
  61  5:11  Gateway  
  61  5:12  Gateway  
  61  5:15  Zealot x2  
  65  5:32  Pylon  
  65  5:40  Pylon  
  64  5:46  Gateway  
  64  5:47  High Templar x4  
  64  5:48  Gateway  
  64  5:49  Probe x2  
  72  5:53  Archon  
  72  5:54  Archon  
  71  6:01  Probe  
  72  6:06  Nexus  
  72  6:10  Shield Battery  
  72  6:22  Zealot x4  
  80  6:26  Pylon  
  79  6:46  Zealot x5  
  79  6:47  Zealot  
  91  6:49  High Templar x2  
  91  6:51  Probe x2  
  95  6:56  Archon  
  95  7:08  Nexus  
  95  7:10  Zealot x4  
  95  7:12  Pylon  
  93  7:16  Zealot x2  
  85  7:32  Zealot x2  
Show
View Real Time Build Order
Export as new Build Order

Reynor Zerg 

Build Orders: Pool First 

Get SALT Encoding   

  12  0:00  Drone  
  13  0:12  Overlord  
  13  0:16  Drone  
  14  0:30  Drone x2  
  16  0:45  Drone  
  16  0:48  Drone  
  18  0:51  Spawning Pool  
  18  0:55  Extractor, Drone  
  17  1:09  Drone  
  18  1:19  Drone  
  19  1:37  Hatchery  
  19  1:38  Queen  
  20  1:40  Zergling x2  
  20  1:46  Zergling x2  
  22  1:50  Overlord  
  22  2:01  Metabolic Boost  
  22  2:15  Queen  
  24  2:17  Zergling x4  
  24  2:22  Drone  
  27  2:32  Drone  
  28  2:44  Zergling x2  
  28  2:46  Overlord, Zergling x2  
  28  2:48  Zergling x2  
  28  2:50  Drone  
  31  3:02  Zergling x4  
  32  3:08  Drone  
  32  3:10  Drone  
  34  3:16  Drone  
  34  3:17  Queen  
  37  3:21  Overlord  
  37  3:23  Drone x2  
  37  3:26  Drone x2  
  40  3:27  Drone  
  40  3:29  Drone  
  40  3:32  Drone  
  43  3:43  Spore Crawler, Drone x2  
  44  3:57  Drone  
  44  4:00  Drone x3  
  47  4:03  Drone  
  47  4:04  Lair, Drone  
  47  4:15  Overlord  
  47  4:18  Drone  
  47  4:20  Hatchery, Drone  
  47  4:23  Drone x2  
  50  4:29  Drone x2  
  52  4:31  Overlord  
  52  4:33  Overlord  
  52  4:40  Drone x3  
  52  4:42  Overlord  
  55  4:50  Zergling x2  
  55  4:51  Drone  
  57  4:53  Drone x3  
  57  4:55  Extractor  
  59  5:01  Extractor, Zergling x2  
  59  5:03  Overlord  
  59  5:04  Drone  
  59  5:05  Drone  
  59  5:07  Hydralisk Den, Drone  
  62  5:11  Zergling x2  
  62  5:17  Extractor  
  62  5:20  Drone  
  62  5:21  Drone x2  
  64  5:27  Evolution Chamber  
  63  5:35  Hydralisk  
  63  5:36  Hydralisk x3  
  63  5:37  Queen  
  63  5:42  Hydralisk  
  74  5:43  Zergling x6  
  74  5:49  Hydralisk  
  76  5:51  Overlord  
  76  5:55  Drone x5  
  81  5:58  Hydralisk  
  81  6:02  Overlord  
  82  6:12  Lurker Den  
  82  6:13  Hydralisk  
  82  6:15  Zergling x8  
  87  6:23  Hydralisk x2  
  88  6:26  Drone x3  
  88  6:28  Drone  
  90  6:34  Overlord  
  90  6:38  Drone x2  
  92  6:43  Hydralisk  
  92  6:44  Hydralisk  
  92  6:48  Hydralisk  
  92  6:52  Overlord  
  93  6:55  Hydralisk x2  
  98  7:01  Zergling x8  
  98  7:05  Hydralisk  
  104  7:09  Zergling x2  

Tags
 
Add a new tag
Caveats
  • Supply blocks, unpowered buildings, or Contaminate may cause inaccurate times.
  • Supply counts are checked every 10 seconds.